 Dungeon Crawl Stone Soup version 0.28-a0-695-gff097466f2 (webtiles) character file.

Game seed: 16032197493242628092

93 funkygono the Firebug (level 4, 0/24 HPs)
             Began as a Gargoyle Fire Elementalist on Oct 21, 2021.
             Killed from afar by an orc wizard (7 damage)
             ... with a magic dart
             ... on level 3 of the Dungeon on Oct 22, 2021.
             The game lasted 00:04:47 (2445 turns).

funkygono the Firebug (Gargoyle Fire Elementalist)  Turns: 2445, Time: 00:04:48

Health: 0/24       AC:  6    Str: 12    XL:     4   Next: 62%
Magic:  2/8        EV: 12    Int: 16    God:
Gold:   101        SH:  0    Dex: 10    Spells: 2/8 levels left

rFire   . . .      SeeInvis .   c - +0 whip
rCold   . . .      Faith    .   (no shield)
rNeg    + . .      Spirit   .   a - +1 robe
rPois   ∞          Reflect  .   (no helmet)
rElec   +          Harm     .   (no cloak)
rCorr   .          Rampage  .   (no gloves)
Will    .....                   (no boots)
Stlth   ++........              (no amulet)
HPRegen 0.08/turn               (no ring)
MPRegen 0.11/turn               (no ring)

@: no status effects
A: sickness immunity, AC +3, negative energy resistance 1, electricity
resistance, torment resistance 1, petrification resistance
a: no special abilities


You were on level 3 of the Dungeon.
You visited 1 branch of the dungeon, and saw 3 of its levels.

You collected 101 gold pieces.

Inventory:

Hand Weapons
 c - a +0 whip (weapon)
 f - a +0 mace
Missiles
 b - 65 stones
Armour
 a - a +1 robe (worn)
Potions
 e - a potion of invisibility {unknown}
 g - a potion of heal wounds {unknown}
 h - a potion of magic {unknown}
 j - a potion of cancellation {unknown}
 k - a potion of attraction {unknown}


   Skills:
 + Level 0.1 Maces & Flails
 + Level 1.6 Dodging
 - Level 2.1 Stealth
 * Level 2.9 Spellcasting
 * Level 2.4 Conjurations
 * Level 4.0 Fire Magic


You had 2 spell levels left.
You knew the following spells:

 Your Spells              Type           Power      Damage    Failure   Level
a - Foxfire               Conj/Fire      48%        2x1d6     4%          1
b - Scorch                Fire           30%        2d6       5%          2
c - Conjure Flame         Conj/Fire      12%        6-21      16%         3

Your spell library contained the following spells:

 Spells                   Type           Power      Damage    Failure   Level
 Animate Skeleton         Necr           4%         N/A       19%         1
 Apportation              Tloc           4%         N/A       19%         1
 Summon Small Mammal      Summ           8%         N/A       19%         1
 Inner Flame              Hex/Fire       8%         N/A       24%         3
 Flame Wave               Conj/Fire      12%        3d4       45%         4
 Iskenderun's Battlesphe  Conj           10%        2d6       89%         5
 Iron Shot                Conj/Erth      3%         9d2       100%        6
 Spellforged Servitor     Conj/Summ      3%         N/A       100%        7


Dungeon Overview and Level Annotations

Branches:
Dungeon (3/15)

Altars:


Innate Abilities, Weirdness & Mutations

You are immune to sickness and miasma.
Your stone body is resilient. (AC +3)
You are immune to poison.
You resist negative energy. (rN+)
You are resistant to electric shocks. (rElec)
You are resistant to unholy torment.
You are immune to petrification.


Message History

Something hits you but does no damage.
You bump into the rock wall.
The orc wizard gestures at you while chanting.
You resist with some effort.
You feel less confused.
Casting: Foxfire (safe; 4% risk of failure)
Confirm with . or Enter, or press ? or * to list all spells.
You conjure some foxfire!
The foxfire hits the orc wizard.
The orc wizard is lightly wounded.
Casting: Foxfire (safe; 4% risk of failure)
Confirm with . or Enter, or press ? or * to list all spells.
You conjure some foxfire!
The foxfire hits something.
You hear some strange, mumbled words.
Something tries to affect you, but you resist.
Casting: Foxfire (safe; 4% risk of failure)
Confirm with . or Enter, or press ? or * to list all spells.
You conjure some foxfire!
The foxfire hits the orc wizard but does no damage.
The orc wizard is lightly wounded.
The orc wizard closely misses you. Something hits you.
Unknown command.
Casting: Foxfire (safe; 4% risk of failure)
Confirm with . or Enter, or press ? or * to list all spells.
You conjure some foxfire!
The foxfire hits the orc wizard.
The orc wizard is heavily wounded.
The foxfire hits something but does no damage.
The foxfire hits something.
The orc wizard hits you but does no damage.
Something hits you.
* * * LOW HITPOINT WARNING * * *
Casting: Foxfire (safe; 4% risk of failure)
Confirm with . or Enter, or press ? or * to list all spells.
You conjure some foxfire!
The foxfire hits the orc wizard.
The orc wizard is severely wounded.
The orc wizard mumbles some strange words.
The orc wizard flickers and vanishes!
You hear some strange, mumbled words.
A magic dart appears from out of thin air!
The magic dart hits you!
You die...

#.........#.............
#######'###...##........ #
########## #.# ##..
#.#....#. .
.........#####÷#
#.#.#..###.#.
######.........#÷####......
..#. ...............#.....#
.#....###.
...............#.....#
###......
........###.####{....#
........
...............{@v...#
########
.........##..###vv...#
##########
.........###.###§....#
#........# .........#
#..##.....###+######.#
########.#
##.##............###.# ...#
#.####.##.................
...##
..#.....#.............#.##
....#
.###.##..#.#.##........#...
###§#
.........#.#.#####.....####


There were no monsters in sight!

Vanquished Creatures
  3 gnolls (D:2)
  2 adders
  A dart slug (D:1)
  4 orcs (D:3)
  2 ball pythons
  4 endoplasms
  A giant cockroach (D:2)
  2 goblins
  3 hobgoblins
  4 quokkas
  4 bats
  2 frilled lizards
  4 kobolds
  4 rats
40 creatures vanquished.

Vanquished Creatures (others)
  148 foxfires
  2 fungi (D:1)
150 creatures vanquished.

Grand Total: 190 creatures vanquished

Notes
Turn   | Place    | Note
-------+----------+-------------------------------------------
     0 | D:1      | funkygono the Gargoyle Fire Elementalist began the quest
                  | for the Orb.
     0 | D:1      | Reached XP level 1. HP: 10/10 MP: 3/3
   376 | D:1      | Reached XP level 2. HP: 15/15 MP: 3/5
   401 | D:1      | Learned a level 2 spell: Scorch
   976 | D:1      | Found a faded altar of an unknown god.
  1018 | D:1      | Upgraded the game from 0.28-a0-691-gad6df49e81 to
                  | 0.28-a0-695-gff097466f2
  1083 | D:2      | Reached XP level 3. HP: 13/19 MP: 0/6
  1087 | D:2      | Learned a level 3 spell: Conjure Flame
  1544 | D:2      | Reached XP level 4. HP: 15/24 MP: 0/8
  2270 | D:3      | Reached skill level 4 in Fire Magic
  2445 | D:3      | Killed from afar by an orc wizard

Illustrated notes

Levels and vault maps discovered:
D:1:      dpeg_arrival_stone_temple_mockup, layout_loops_ring,
          dreamdust_ecumenical_altar_hidden_monk_grotto
D:2:      layout_rooms, hex_medium
D:3:      layout_basic, gup_sewer_entry_bowl

Skill      XL: |  1  2  3  4 |
---------------+-------------+-----
Conjurations   | 2 |  2.4
Fire Magic     | 4 |  4.0
Maces & Flails | |  0.1
Dodging        | |  1.6
Stealth        | |  2.1
Spellcasting   | |  2.9

Action                   |  1- 3 |  4- 6 || total
-------------------------+-------+-------++-------
Melee: Whip              |    16 |     5 ||    21
 Cast: Foxfire           |    54 |    34 ||    88
  Use: Scroll            |     3 |     3 ||     6
       Potion            |       |     2 ||     2
Armor: Robe              |     5 |     4 ||     9
Dodge: Dodged            |    15 |     3 ||    18

Table legend: (Time is in decaauts)
 A = Elapsed time spent in this place.
 B = Non-inter-level travel time spent in this place.
 C = Inter-level travel time spent in this place.
 D = Time resting spent in this place.
 E = Time spent auto-exploring this place.
 F = Levels seen in this place.
 G = Mean time per level.
                   A        B        C        D        E       F      G
               +--------+--------+--------+--------+--------+-----+--------+
         Total |   2446 |   2402 |     44 |    107 |   1903 |   3 |  815.3 |
       Dungeon |   2446 |   2402 |     44 |    107 |   1903 |   3 |  815.3 |
               +--------+--------+--------+--------+--------+-----+--------+

Top non-repeatable levels by time:
     D:1: 1040 daAuts
     D:2: 962 daAuts
     D:3: 443 daAuts
